 Dungeon Crawl Stone Soup version 0.18-a0-775-g4d9e04e (webtiles) character file.

7106 Proton the Basher (level 11, -10/120 HPs)
             Began as an Ogre Fighter on Dec 13, 2015.
             Was a High Priest of Okawaru.
             Mangled by a gargoyle
             ... wielding a +0 mace
              (12 damage)
             ... on level 10 of the Dungeon.
             The game lasted 00:22:47 (11492 turns).

Proton the Basher (Ogre Fighter)                   Turns: 11492, Time: 00:22:47

Health: -10/120    AC:  9    Str: 30    XL:     11   Next: 10%
Magic:  15/15      EV: 12    Int: 10    God:    Okawaru [*****.]
Gold:   393        SH:  0    Dex:  9    Spells: 0 memorised, 10 levels left

rFire  . . .     SeeInvis .     B - +1 giant spiked club
rCold  . . .     Clarity  +     u - +2 robe {MR+}
rNeg   . . .     SustAt   .     (shield currently unavailable)
rPois  .         Gourm    .     w - +2 hat
rElec  .         Spirit   .     m - +1 cloak
rCorr  .         Dismiss  .     (gloves unavailable)
rMut   .         Stasis   .     (boots unavailable)
MR     +....                    a - amulet of clarity
Stlth  +.........               h - +3 ring of intelligence
                                i - +4 ring of strength

@: vulnerable, somewhat resistant to hostile enchantments, very unstealthy
A: unfitting armour, tough skin 1
a: Heroism, Finesse, Renounce Religion


You were on level 10 of the Dungeon.
You worshipped Okawaru.
Okawaru was extremely pleased with you.
You were not hungry.

You visited 1 branch of the dungeon, and saw 10 of its levels.
You also visited: Ossuary.

You collected 503 gold pieces.
You spent 110 gold pieces at shops.

Inventory:

Hand Weapons
 B - a +1 giant spiked club (weapon)
Missiles
 A - 3 large rocks (quivered)
Armour
 m - a +1 cloak (worn)
 u - a +2 robe of magic resistance (worn)
 w - a +2 hat (worn)
Jewellery
 a - an amulet of clarity (around neck)
 h - a +3 ring of intelligence (right hand)
 i - a +4 ring of strength (left hand)
Wands
 y - a wand of draining (7)
Scrolls
 e - 5 scrolls of enchant armour
 g - a scroll of immolation
 k - 5 scrolls of remove curse
 l - 2 scrolls of enchant weapon
 p - 3 scrolls of noise
 C - 3 scrolls of identify
Potions
 b - 2 potions of cancellation
 d - a potion of might
 j - 3 potions of magic
 n - a potion of lignification
 o - 9 potions of curing
 s - 2 potions of heal wounds
 t - a potion of cure mutation
 v - 4 potions of agility {unknown}
 x - a potion of flight
 z - a potion of resistance
 D - a potion of ambrosia
Comestibles
 c - a meat ration
 f - 5 bread rations
 q - 6 fruits


   Skills:
 + Level 11.0 Fighting
 * Level 14.1 Maces & Flails
 + Level 7.8 Dodging
   Level 2.6 Shields
 - Level 5.8 Invocations


You had 10 spell levels left.
You didn't know any spells.

Dungeon Overview and Level Annotations

Branches:
Dungeon (10/15)            Temple (0/1) D:6             Orc (0/2) D:10
   Lair: D:8-11

Altars:
Gozag
Kikubaaqudgha
Makhleb
Okawaru
Ru
Sif Muna
Trog
Yredelemnul

Shops:
D:6 !([!   D:9 :

Annotations:
D:7 1 exclusion


Innate Abilities, Weirdness & Mutations

You are too large for most types of armour.
You have tough skin (AC +1).


Message History

Read which item? (? for menu, Esc to quit)
As you read the scroll labeled GUBAYKK INIEDD, it crumbles to dust.
The creatures around you are filled with an inner flame!
It was a scroll of immolation.
The gargoyle hits you but does no damage.
Read which item? (? for menu, Esc to quit)
As you read the scroll labeled ISUPUB OCITHROFF, it crumbles to dust.
It is a scroll of enchant weapon.
Enchant which weapon? (? for menu, Esc to quit)
Your +0 giant spiked club glows red for a moment.
The gargoyle hits you with a mace!
* * * LOW HITPOINT WARNING * * *
Read which item? (? for menu, Esc to quit)
As you read the scroll labeled DEOCEA WEZO, it crumbles to dust.
You hear a loud clanging noise!
It was a scroll of noise.
You hear a shout! x9
You hear a bark!
You hear an angry growl.
You hear a shout!
The gargoyle hits you with a mace!
You die...

# .. ##. ..
....#####. ......(..
#.........>(.#
##......# #o#
#.......# #o#
#.......# #9#
#.......# #@#
#.......#####.#
#.............#
#.............#8...8#
#...................#
#......########..>..#
...# #......# #.....
...# #......# #....#
...# #......# #....#
...#


You could see a gargoyle (inner flame), an orc priest (inner flame) and an orc
(inner flame).

Vanquished Creatures
  Pikel (D:7)
  Maurice (D:10)
  Psyche (D:8)
  A queen bee (D:9)
  A two-headed ogre (D:9)
  A troll (D:9)
  Grinder (D:3)
  Sigmund (D:5)
  A hippogriff (D:7)
  6 yaks (D:9)
  Eustachio (D:4)
  A wolf (D:9)
  2 hungry ghosts
  Duvessa (D:4)
  2 orc warriors
  A wasp (D:8)
  3 sky beasts
  A slave (D:7)
  2 ice beasts
  5 centaurs
  6 ogres
  2 elf zombies (Ossuary)
  3 giant frogs
  A wyvern zombie (D:7)
  Dowan (D:4)
  3 scorpions
  3 electric eels (D:7)
  3 crimson imps
  2 iguanas
  2 centaur zombies (Ossuary)
  3 hounds
  A human zombie (Ossuary)
  3 orc priests
  A jelly (D:9)
  A centaur skeleton (D:4)
  An orc wizard (D:5)
  2 giant frog skeletons
  2 worker ants
  4 big kobold zombies (Ossuary)
  A hound zombie (D:5)
  2 hound skeletons
  2 mummies (Ossuary)
  A worker ant zombie (D:10)
  16 adders
  4 gnolls (D:6)
  A shadow imp (D:5)
  An ooze (D:3)
  2 adder zombies
  3 adder skeletons
  4 worms
  4 giant geckos
  23 orcs
  6 bats
  3 giant cockroaches
  12 goblins
  8 hobgoblins
  11 jackals
  11 kobolds
  4 quokkas
  2 ball pythons
  8 giant newts
  7 hobgoblin zombies (Ossuary)
  A jackal skeleton (D:5)
  A jackal zombie (Ossuary)
  7 kobold zombies (Ossuary)
  11 orc zombies (Ossuary)
  12 rats
246 creatures vanquished.

Vanquished Creatures (others)
  A slave (D:7)
  A worker ant (D:7)
  A hound zombie (D:7)
  An adder (D:7)
  17 plants (D:9)
21 creatures vanquished.

Grand Total: 267 creatures vanquished

Notes
Turn   | Place    | Note
--------------------------------------------------------------
     0 | D:1      | Proton the Ogre Fighter began the quest for the Orb.
     0 | D:1      | Reached XP level 1. HP: 24/24 MP: 1/1
   150 | D:1      | Reached XP level 2. HP: 32/32 MP: 2/2
   679 | D:1      | Reached XP level 3. HP: 39/39 MP: 3/3
  1198 | D:2      | Found a deep blue altar of Sif Muna.
  1287 | D:2      | Reached XP level 4. HP: 45/49 MP: 4/4
  2195 | D:3      | Noticed Grinder
  2199 | D:3      | Paralysed by Grinder for 2 turns
  2204 | D:3      | Paralysed by Grinder for 4 turns
  2216 | D:3      | Killed Grinder
  2216 | D:3      | Reached skill level 5 in Fighting
  2216 | D:3      | Reached skill level 6 in Maces & Flails
  2216 | D:3      | Reached XP level 5. HP: 20/59 MP: 5/5
  2216 | D:3      | Reached XP level 6. HP: 22/67 MP: 6/6
  2905 | D:3      | Found a burning altar of Makhleb.
  2905 | D:3      | Found an iron altar of Okawaru.
  2934 | D:3      | Became a worshipper of Warmaster Okawaru
  2985 | D:4      | Noticed Duvessa
  2985 | D:4      | Noticed Dowan
  3920 | D:4      | Reached skill level 1 in Invocations
  3920 | D:4      | Reached XP level 7. HP: 75/75 MP: 7/7
  3996 | D:3      | Reached skill level 7 in Maces & Flails
  4142 | D:4      | Killed Dowan
  4220 | D:4      | Found an ancient bone altar of Kikubaaqudgha.
  4279 | D:4      | Killed Duvessa
  4473 | D:4      | Noticed Eustachio
  4484 | D:4      | Killed Eustachio
  4484 | D:4      | Reached skill level 8 in Maces & Flails
  4532 | D:4      | Reached * piety under Okawaru
  4532 | D:4      | Reached XP level 8. HP: 47/84 MP: 9/9
  4942 | D:5      | Entered Level 5 of the Dungeon
  5219 | D:5      | Reached skill level 5 in Dodging
  5223 | D:5      | Reached skill level 9 in Maces & Flails
  5452 | D:5      | Noticed Sigmund
  5458 | D:5      | Killed Sigmund
  5725 | D:5      | Found a bloodstained altar of Trog.
  5875 | D:6      | Found Sihoasag's Distillery.
  5887 | D:6      | Bought 2 potions of heal wounds for 110 gold pieces
  5888 | D:6      | Found a staircase to the Ecumenical Temple.
  6054 | D:6      | Found Honned's Distillery.
  6096 | D:6      | Found Nueschul's Armour Shoppe.
  6281 | D:6      | Found Lueciva's Antique Weapon Shop.
  6351 | D:6      | Reached ** piety under Okawaru
  6351 | D:6      | Reached XP level 9. HP: 48/96 MP: 10/12
  6582 | D:7      | Reached skill level 10 in Maces & Flails
  6847 | D:7      | Found a sacrificial altar of Ru.
  6895 | D:7      | Noticed Pikel
  6901 | D:7      | Killed Pikel
  6901 | D:7      | Reached skill level 11 in Maces & Flails
  6901 | D:7      | Reached skill level 5 in Invocations
  6942 | D:7      | Reached *** piety under Okawaru
  7336 | D:7      | Found a burning altar of Makhleb.
  7911 | D:8      | Found a sand-covered staircase.
  7918 | Ossuary  | Entered an ossuary
  8136 | Ossuary  | Reached XP level 10. HP: 82/107 MP: 14/14
  8280 | D:8      | Reached skill level 12 in Maces & Flails
  8811 | D:8      | Noticed Psyche
  8817 | D:8      | Killed Psyche
  8817 | D:8      | Reached **** piety under Okawaru
  9101 | D:9      | Reached skill level 10 in Fighting
  9291 | D:9      | Found Onaukhluo's Book Shop.
  9756 | D:9      | Reached skill level 13 in Maces & Flails
  9774 | D:9      | Found an opulent altar of Gozag.
  9774 | D:9      | Found a basalt altar of Yredelemnul.
 10182 | D:9      | Reached ***** piety under Okawaru
 10672 | D:10     | Entered Level 10 of the Dungeon
 10672 | D:10     | Found a staircase to the Orcish Mines.
 10777 | D:10     | Received a gift from Okawaru
 11327 | D:9      | Reached XP level 11. HP: 119/119 MP: 15/15
 11404 | D:10     | Noticed Maurice
 11446 | D:10     | Killed Maurice
 11446 | D:10     | Reached skill level 14 in Maces & Flails
 11491 | D:10     | HP: 1/120 [gargoyle/mace (12)]
 11492 | D:10     | Mangled by a gargoyle

Vault maps used:
D:1:      mrwooster_arrival_statue_3, minmay_rat_gold_closets
D:2:      nicolae_overflow_hidden_temple
D:3:      gammafunk_temple_overflow_elements, first_bread, uniq_grinder
D:4:      kiku_gazebo_pond_becter, minmay_misc_feat_chi, uniq_eustachio,
          uniq_duvessa
D:5:      kennysheep_little_box, uniq_sigmund
D:6:      minmay_temple_entry_overgrown, serial_shops, shop,
          nicolae_shop_waterfront, kennysheep_mini_moat, nicolae_shop_trees,
          kennysheep_decorative_pillar
D:7:      wad_lake_hut, hangedman_ru_absence, basic_altar, uniq_pikel
D:8:      enter_ossuary_1, uniq_psyche
D:9:      grunt_temple_overflow_open, serial_shops, nicolae_shop_crystal,
          nicolae_looking_at_the_future
D:10:     erik_lair_island, minmay_orc_entry_temple_small, st_stairs_8,
          uniq_maurice
Ossuary:  ossuary_tomb_1

Action                   |  1- 3 |  4- 6 |  7- 9 | 10-12 || total
-------------------------+-------+-------+-------+-------++-------
Melee: Flail             |   130 |   189 |    66 |       ||   385
       Giant club        |       |       |    72 |       ||    72
       Giant spiked club |       |       |   141 |   162 ||   303
Throw: Large rock        |       |       |       |     8 ||     8
  Use: Scroll            |       |       |       |    19 ||    19
       Potion            |       |       |       |     2 ||     2
 Stab: Sleeping          |       |     1 |       |       ||     1
       Distracted        |       |       |       |     1 ||     1
  Eat: Royal jelly       |     1 |       |       |       ||     1
       Meat ration       |       |     2 |     1 |     3 ||     6
       Pizza             |       |     1 |       |       ||     1
       Bread ration      |       |       |     1 |       ||     1
       Beef jerky        |       |       |     1 |       ||     1
